Map: Misty Swamp

Players

Metasapien

  • Race: Zerg Zerg
  • Spawn Location: 3:00

Chickenrot

  • Race: Terran Terran
  • Spawn Location: 12:00

bach

  • Race: Protoss Protoss
  • Spawn Location: 3:00

YinYan - Winner!

  • Race: Terran Terran
  • Spawn Location: 9:00

Kortain - Winner!

  • Race: Terran Terran
  • Spawn Location: 9:00

Bartoss - Winner!

  • Race: Zerg Zerg
  • League: Silver
  • Spawn Location: 12:00

VOD

Have the link to the VOD?

Description

Time

  • Played on: Aug. 15, 2017, 8:10 p.m.
  • Length: 19:32
Show
View Real Time Build Order
Export as new Build Order

Metasapien Zerg 

Build Orders: Hatch First 

Get SALT Encoding   

  12  0:10  Overlord  
  12  0:24  Drone  
  12  0:25  Drone  
  14  0:50  Hatchery  
  14  0:52  Drone  
  14  0:54  Drone  
  15  0:57  Extractor  
  14  1:18  Spawning Pool  
  14  1:23  Drone  
  14  1:24  Drone  
  15  1:26  Drone  
  16  1:39  Drone  
  17  1:46  Overlord  
  17  1:59  Drone  
  18  2:06  Queen  
  20  2:11  Spine Crawler  
  20  2:14  Drone  
  20  2:23  Spine Crawler  
  20  2:25  Drone  
  20  2:27  Drone  
  21  2:32  Drone  
  22  2:44  Lair  
  22  2:50  Extractor  
  21  2:53  Queen  
  21  2:57  Drone  
  24  3:02  Extractor  
  24  3:05  Drone  
  24  3:09  Drone  
  24  3:10  Drone  
  26  3:19  Zergling x2  
  27  3:20  Zergling x4  
  29  3:34  Drone x2  
  29  3:35  Drone  
  29  3:38  Extractor  
  31  3:44  Drone x3  
  32  4:04  Zergling x2  
  32  4:05  Zergling x8  
  32  4:09  Zergling x2  
  22  4:38  Spire  
  21  4:39  Drone  
  21  4:40  Drone x2  
  21  4:44  Drone  
  25  4:47  Drone  
  26  4:53  Drone  
  26  4:55  Drone  
  28  5:06  Queen  
  30  5:16  Spine Crawler  
  29  5:26  Spine Crawler  
  29  5:28  Drone x2  
  30  5:36  Queen  
  32  5:43  Overlord  
  32  6:03  Overlord  
  32  6:04  Overlord  
  32  6:12  Drone x2  
  32  6:17  Drone  
  35  6:19  Drone x3  
  35  6:24  Overlord  
  38  6:36  Drone  
  38  6:38  Drone  
  40  6:47  Drone x3  
  41  6:49  Drone x3  
  46  7:14  Mutalisk  
  46  7:15  Mutalisk x5  
  58  7:39  Hydralisk Den, Drone  
  58  7:40  Drone x2  
  58  7:42  Mutalisk x4  
  68  7:49  Zerg Flyer Armor Level 1  
  68  7:52  Overlord  
  68  7:54  Pneumatized Carapace  
  68  8:01  Overseer  
  65  8:51  Mutalisk x2  
  65  8:52  Mutalisk x3  
  65  8:54  Overlord x4  
  69  9:19  Corruptor  
  69  9:20  Corruptor x2  
  69  9:21  Hydralisk x2  
  79  9:28  Hatchery  
  79  9:31  Queen x2  
  82  9:47  Overseer  
  82  9:48  Hatchery  
  82  9:51  Muscular Augments  
  81  9:53  Zerg Flyer Weapons Level 1  
  81  10:09  Corruptor x4  
  89  10:18  Evolution Chamber, Drone  
  89  10:21  Overlord, Evolution Chamber  
  88  10:37  Overlord x2  
  88  10:42  Drone  
  89  10:43  Queen  
  91  10:55  Overlord  
  91  10:56  Hydralisk x3  
  97  11:05  Drone  
  98  11:22  Drone x2  
  98  11:24  Drone x2  
  102  11:30  Zerg Missile Weapons Level 1  
  102  11:32  Zerg Ground Armor Level 1  
  102  11:45  Infestation Pit  
  102  11:46  Corruptor x3  
  102  11:47  Hydralisk, Corruptor  
  105  11:48  Hydralisk x2  
  115  12:13  Drone x5  
  115  12:14  Drone  
  121  12:15  Extractor  
  121  12:19  Extractor  
  121  12:22  Drone x2  
  121  12:23  Drone  
  121  12:29  Corruptor  
  122  12:30  Hydralisk x2, Corruptor x3  
  122  12:31  Hydralisk  
  136  12:38  Nydus Network  
  136  12:40  Drone x3  
  136  12:43  Extractor  
  137  12:44  Extractor  
  137  12:47  Drone x2  
  137  12:48  Drone  
  139  12:51  Zerg Flyer Weapons Level 2  
  139  12:55  Hive  
  139  13:04  Burrow  
  139  13:05  Drone x2  
  142  13:12  Drone  
  142  13:21  Drone x2  
  142  13:23  Overlord x2  
  142  13:24  Overlord x2  
  144  13:46  Corruptor x5  
  144  13:47  Corruptor x2  
  158  14:02  Drone x3  
  131  14:29  Overlord x2  
  131  14:30  Overlord, Corruptor  
  131  14:31  Corruptor x6  
  123  14:54  Mutalisk x2, Corruptor  
  123  14:55  Corruptor x2  
  99  15:55  Corruptor x3  
  99  15:56  Corruptor x7  
  107  16:56  Corruptor  
  107  16:57  Corruptor x5  
  107  16:58  Corruptor x4  
  107  16:59  Corruptor x2  
  131  17:01  Hydralisk  
  131  17:02  Hydralisk x8  
  131  17:05  Hatchery  
  131  17:07  Overlord x3  
  148  17:09  Hatchery  
  148  17:12  Hatchery  
  146  17:17  Hatchery  
  145  17:28  Drone x7  
  138  17:44  Drone x3  
  139  17:46  Queen x3  
  87  18:52  Corruptor x7  
  87  18:53  Corruptor x7  
Show
View Real Time Build Order
Export as new Build Order

Chickenrot Terran 

Build Orders:  

Get SALT Encoding   

  12  0:03  SCV  
  13  0:15  SCV  
  14  0:27  SCV  
  15  0:37  Supply Depot  
  15  1:01  Barracks  
  15  1:04  Barracks  
  15  1:10  SCV  
  15  1:11  Barracks  
  16  1:22  SCV  
  17  1:34  SCV  
  18  1:46  SCV  
  19  1:59  Marine x2  
  19  2:00  Marine, Command Center  
  22  2:12  Refinery  
  22  2:19  Marine  
  23  2:48  Supply Depot  
  23  2:55  Engineering Bay  
  23  2:59  Barracks Tech Lab  
  23  3:01  Orbital Command  
  23  3:09  Marine x2  
  25  3:20  Marine  
  26  3:27  Marine  
  26  3:28  Barracks Reactor  
  27  3:39  Missile Turret, Marauder  
  30  3:51  Refinery  
  29  4:00  Marauder  
  31  4:05  Marine x2  
  31  4:06  Marine  
  34  4:10  Missile Turret  
  34  4:21  Marine  
  34  4:23  Marine x3  
  34  4:39  Marine  
  34  4:41  Marine x3  
  38  4:56  Missile Turret  
  38  4:57  Marine  
  38  4:59  Marine x2  
  42  5:01  Supply Depot  
  42  5:04  Barracks Reactor  
  41  5:12  Factory  
  41  5:15  Marauder  
  41  5:17  Marine x2  
  45  5:26  SCV  
  46  5:39  SCV  
  47  5:51  SCV  
  47  5:54  Supply Depot  
  48  5:57  Factory Tech Lab  
  48  6:03  SCV  
  49  6:09  SCV, Barracks  
  49  6:10  Starport  
  50  6:15  SCV  
  50  6:16  Supply Depot  
  51  6:21  SCV  
  51  6:22  Refinery  
  52  6:26  Siege Tank  
  52  6:27  SCV  
  56  6:33  Marine x3, SCV  
  56  6:36  Terran Infantry Armor Level 1  
  56  6:39  SCV  
  61  6:41  Stimpack  
  61  6:45  SCV  
  58  6:58  SCV, Reaper  
  58  6:59  Marauder  
  58  7:00  Marine  
  58  7:01  Marine x2  
  65  7:18  Marine x2  
  65  7:19  Marine x2  
  63  7:29  Marine  
  56  7:36  Marine x2  
  59  7:37  Marine  
  59  7:38  Marauder  
  62  7:47  Orbital Command, Marine  
  63  7:54  Marine x2, Medivac  
  67  8:01  Barracks Reactor  
  67  8:05  Factory  
  63  8:24  Orbital Command  
  63  8:31  Terran Infantry Weapons Level 1  
  63  8:59  Missile Turret  
  63  9:14  Supply Depot  
  63  9:19  Missile Turret  
  63  9:29  Refinery  
  63  9:32  Refinery  
  63  9:38  Supply Depot  
  63  9:41  Starport Reactor  
  63  9:51  Missile Turret  
  62  9:59  Marine x2, Siege Tank  
  67  10:12  SCV  
  68  10:16  Marine  
  69  10:24  SCV  
  69  10:27  Supply Depot  
  70  10:31  Factory  
  70  10:43  Supply Depot  
  70  10:49  Siege Tank, SCV  
  74  10:50  Marine x4  
  78  11:00  Supply Depot  
  78  11:01  Armory  
  78  11:05  Marine x3, SCV  
  78  11:06  Missile Turret  
  78  11:08  Marine x2  
  84  11:12  Marine x2  
  84  11:14  Command Center  
  86  11:22  SCV  
  86  11:23  Marine x2, Supply Depot, Marauder  
  91  11:26  Marine  
  92  11:34  SCV  
  93  11:45  Marauder  
  93  11:46  SCV  
  96  11:53  Factory, Factory Tech Lab  
  96  11:56  Terran Vehicle Weapons Level 1  
  96  11:57  Viking, Medivac  
  96  11:58  SCV  
  96  12:00  Marine  
  102  12:06  Supply Depot  
  102  12:08  Supply Depot  
  102  12:11  Supply Depot  
  102  12:25  Thor, Marauder  
  102  12:27  Viking, Medivac  
  114  12:43  Supply Depot  
  114  12:44  SCV  
  114  12:49  Marine  
  114  12:50  Marine x5  
  121  12:56  SCV  
  121  12:57  Medivac x2  
  126  13:06  Missile Turret  
  126  13:08  SCV  
  127  13:19  Siege Tank  
  130  13:20  Marine x3, SCV  
  131  13:27  Viking, Medivac  
  135  13:39  Thor  
  140  13:42  Factory Tech Lab  
  140  13:51  Marine x2  
  140  13:52  Marine x5  
  147  13:57  Viking  
  147  13:58  Supply Depot  
  149  14:19  Medivac  
  149  14:21  Supply Depot  
  97  14:41  Viking  
  97  14:42  Marine x2  
  97  14:43  Marine x4  
  105  14:46  Missile Turret  
  105  14:49  Viking  
  106  15:11  Viking  
  108  15:19  Viking  
  110  15:42  Marine x4  
  100  16:23  Siege Tank  
  100  16:24  Marine x2  
  100  16:25  Marine  
  39  17:06  Marine x3  
  39  17:07  Marine x4  
  37  17:24  Marine x3  
  37  17:25  Armory  
  37  18:05  Widow Mine x2  
Show
View Real Time Build Order
Export as new Build Order

bach Protoss 

Build Orders:  

Get SALT Encoding   

  12  0:05  Probe (Chrono Boost)  
  13  0:36  Pylon  
  13  0:39  Probe (Chrono Boost)  
  14  0:45  Pylon  
  14  0:49  Probe (Chrono Boost)  
  15  1:01  Forge  
  15  1:07  Gateway  
  15  1:11  Probe (Chrono Boost)  
  16  1:15  Assimilator  
  16  1:21  Probe (Chrono Boost)  
  17  1:32  Probe (Chrono Boost)  
  18  1:37  Photon Cannon  
  18  1:44  Probe (Chrono Boost)  
  19  1:55  Probe (Chrono Boost)  
  19  1:59  Cybernetics Core  
  20  2:05  Probe (Chrono Boost)  
  21  2:09  Assimilator  
  21  2:16  Probe (Chrono Boost)  
  21  2:21  Pylon  
  22  2:27  Zealot, Probe (Chrono Boost)  
  25  2:37  Probe (Chrono Boost)  
  25  2:41  Photon Cannon  
  26  2:48  Photon Cannon, Probe (Chrono Boost)  
  28  2:58  Probe (Chrono Boost)  
  28  3:05  Stalker  
  30  3:11  Pylon  
  30  3:21  Photon Cannon  
  30  3:30  Warp Gate (Chrono Boost)  
  30  3:32  Robotics Facility  
  30  3:41  Gateway  
  30  3:47  Zealot  
  32  4:02  Mothership Core  
  34  4:03  Photon Cannon  
  34  4:07  Pylon  
  34  4:22  Observer  
  35  4:29  Photon Cannon  
  35  4:36  Stalker  
  37  4:39  Zealot  
  39  4:59  Assimilator  
  39  5:06  Immortal  
  43  5:25  Robotics Bay  
  43  5:45  Nexus  
  43  5:51  Assimilator  
  43  6:06  Stalker  
  43  6:07  Pylon  
  43  6:10  Stalker  
  47  6:19  Colossus  
  53  7:13  Extended Thermal Lance  
  53  7:18  Colossus  
  49  7:44  Photon Cannon, Probe  
  50  7:52  Twilight Council  
  50  7:54  Probe  
  50  7:56  Gateway  
  51  8:05  Probe  
  52  8:15  Probe  
  53  8:22  Stalker x2  
  57  9:15  Stalker  
  57  9:16  Stalker  
  61  9:19  Dark Shrine  
  61  9:25  Observer  
  61  9:32  Gateway  
  61  9:45  Colossus  
  67  10:09  Gateway  
  67  10:10  Stalker x3  
  73  10:25  Blink  
  73  10:32  Probe  
  73  10:34  Gateway  
  74  10:43  Immortal  
  74  10:49  Protoss Ground Weapons Level 1  
  78  10:57  Pylon  
  78  10:59  Pylon  
  78  11:06  Pylon  
  78  11:13  Probe  
  79  11:22  Colossus  
  79  11:24  Probe  
  85  11:29  Dark Templar x3  
  85  11:30  Dark Templar  
  94  11:34  Probe  
  95  11:45  Probe  
  96  12:08  Stalker  
  96  12:09  Stalker x2  
  102  12:19  Pylon  
  102  12:25  Charge  
  102  12:28  Pylon  
  102  12:32  Pylon  
  102  12:36  Pylon  
  102  12:38  Observer  
  102  12:42  Dark Templar  
  102  12:43  Dark Templar x2  
  109  12:48  Protoss Ground Armor Level 1  
  109  12:58  Forge  
  109  13:09  Colossus  
  115  13:14  Archon  
  113  14:03  Observer  
  52  14:31  Dark Templar x2  
  52  14:32  Dark Templar x4  
  58  15:31  Dark Templar  
  58  15:32  Dark Templar x5  
  70  15:49  Archon x2  
  70  15:50  Archon  
  70  15:58  Archon x2  
  70  15:59  Archon  
  70  16:08  Stalker x4  
  70  16:09  Stalker x2  
  82  16:47  Dark Templar x2  
  82  16:48  Dark Templar x4  
  44  17:57  Stalker x3  
  44  17:58  Stalker x3  
  52  18:00  Colossus  
Show
View Real Time Build Order
Export as new Build Order

YinYan Terran - Winner!

Build Orders:  

Get SALT Encoding   

  12  0:01  SCV  
  13  0:13  SCV  
  14  0:25  Supply Depot  
  14  0:26  SCV  
  15  0:47  SCV  
  15  0:48  Barracks  
  16  0:59  SCV  
  17  1:18  Command Center  
  17  1:22  Refinery  
  17  1:23  SCV  
  18  1:38  SCV  
  19  1:40  Marine  
  19  1:46  Engineering Bay  
  20  1:56  Orbital Command  
  20  1:58  Marine  
  21  2:11  Supply Depot  
  21  2:16  Barracks  
  21  2:19  Marine  
  22  2:25  SCV  
  23  2:43  SCV  
  24  2:44  Marine  
  24  2:49  Planetary Fortress  
  25  3:00  Refinery  
  25  3:01  SCV  
  26  3:06  Marine  
  26  3:07  Marine  
  28  3:13  SCV  
  29  3:26  SCV, Refinery  
  30  3:30  Factory  
  30  3:32  SCV  
  31  3:44  Barracks Tech Lab, SCV  
  31  3:46  Barracks Reactor  
  32  3:56  SCV  
  32  4:00  SCV  
  34  4:08  SCV  
  35  4:12  SCV  
  36  4:20  SCV  
  37  4:31  Command Center  
  37  4:32  SCV  
  37  4:37  Factory, Factory Tech Lab  
  38  4:39  SCV  
  38  4:44  SCV  
  40  4:51  SCV  
  41  4:53  Refinery  
  41  4:56  SCV  
  41  4:57  Missile Turret  
  42  5:04  Missile Turret  
  42  5:06  Siege Tank  
  45  5:08  SCV  
  46  5:24  Starport  
  46  5:25  Missile Turret  
  46  5:29  Supply Depot  
  46  5:38  Factory Tech Lab  
  46  5:43  Siege Tank, SCV, Marauder  
  52  5:52  Supply Depot  
  52  5:55  SCV  
  53  5:57  Planetary Fortress  
  53  6:02  Missile Turret  
  53  6:07  SCV  
  54  6:15  Siege Tank  
  57  6:19  SCV  
  57  6:23  Missile Turret, Starport Tech Lab  
  58  6:26  Starport  
  58  6:29  Supply Depot  
  58  6:31  SCV  
  59  6:43  SCV  
  59  6:44  Refinery  
  60  6:52  Supply Depot  
  60  6:55  SCV  
  61  7:04  SCV  
  61  7:05  Supply Depot  
  61  7:07  SCV  
  63  7:08  Missile Turret  
  63  7:11  SCV  
  63  7:15  Fusion Core  
  64  7:16  SCV  
  64  7:19  SCV  
  66  7:23  SCV  
  66  7:24  Marine x2, Marauder  
  66  7:28  SCV  
  72  7:30  Supply Depot  
  72  7:36  SCV  
  73  7:40  SCV  
  73  7:41  Marine  
  73  7:42  Marine  
  76  7:46  Marauder  
  76  7:50  Refinery  
  76  7:51  SCV  
  79  7:52  SCV  
  79  7:58  SCV  
  79  7:59  Marine x2  
  79  8:03  SCV  
  83  8:06  Starport Tech Lab  
  83  8:07  Battlecruiser, Marauder  
  83  8:11  SCV  
  92  8:13  Armory  
  92  8:15  Hi-Sec Auto Tracking  
  92  8:23  SCV  
  93  8:28  Marauder  
  93  8:43  Missile Turret  
  93  8:50  Widow Mine x2, Marauder  
  93  8:52  Marine  
  93  8:53  Marine  
  101  9:01  Armory  
  101  9:04  Missile Turret  
  101  9:10  Marine x2, Missile Turret  
  101  9:11  Marine  
  101  9:12  Building Armor  
  104  9:28  Marine x3  
  107  9:32  Missile Turret  
  107  9:44  Supply Depot  
  107  9:46  Marine x2, Supply Depot  
  107  9:50  Armory  
  107  9:51  Terran Ship Weapons Level 1  
  109  9:54  Terran Vehicle And Ship Armor Level 1  
  109  10:04  Battlecruiser x2  
  109  10:06  Supply Depot  
  121  10:09  Supply Depot  
  121  10:21  Starport  
  121  10:29  Supply Depot  
  121  10:58  Starport, Starport Tech Lab  
  121  11:01  Starport  
  121  11:08  Battlecruiser, Supply Depot  
  121  11:09  Battlecruiser  
  133  11:31  Supply Depot  
  133  11:35  Terran Vehicle Weapons Level 1  
  133  11:42  Starport Tech Lab  
  133  11:54  Supply Depot  
  133  12:04  Starport Tech Lab  
  133  12:05  Raven x2, Command Center  
  137  12:12  Battlecruiser  
  137  12:13  Terran Ship Weapons Level 2, Raven  
  137  12:14  Terran Vehicle And Ship Armor Level 2  
  145  12:16  Supply Depot  
  145  12:26  Starport  
  145  12:32  Corvid Reactor  
  145  12:42  Recalibrated Explosives  
  145  12:48  Battlecruiser x2  
  157  13:17  Battlecruiser  
  157  13:19  Refinery  
  163  13:30  Orbital Command  
  163  13:44  Refinery  
  163  13:51  Missile Turret  
  163  13:52  Battlecruiser  
  163  13:55  Battlecruiser x2  
  181  14:11  Starport Tech Lab  
  181  14:14  Missile Turret  
  181  14:21  Battlecruiser  
  185  14:33  Missile Turret  
  185  14:54  Missile Turret  
  185  14:57  Battlecruiser  
  191  15:01  Battlecruiser  
  191  15:05  Terran Ship Weapons Level 3  
  197  15:07  Terran Vehicle And Ship Armor Level 3  
  197  15:08  Terran Vehicle Weapons Level 2  
  150  16:56  Battlecruiser x2  
  150  16:57  Battlecruiser x2  
Show
View Real Time Build Order
Export as new Build Order

Kortain Terran - Winner!

Build Orders: Command Center First (CC) 

Get SALT Encoding   

  12  0:05  SCV  
  13  0:17  SCV  
  14  0:29  SCV  
  15  0:48  Supply Depot  
  15  1:03  Command Center  
  15  1:12  Barracks  
  15  1:13  SCV  
  16  1:25  SCV  
  17  1:34  Barracks  
  17  1:37  SCV  
  18  1:49  SCV  
  19  1:59  Marine  
  20  2:05  Barracks  
  20  2:09  Orbital Command  
  20  2:12  Refinery  
  20  2:17  Marine  
  20  2:20  SCV  
  20  2:22  Marine  
  23  2:34  Barracks  
  23  2:35  Marine  
  24  2:37  SCV  
  25  2:45  Engineering Bay  
  25  2:47  SCV  
  25  2:49  Marine  
  27  2:58  Marine  
  27  2:59  Marine  
  29  3:06  Marine  
  29  3:17  Marine x2  
  31  3:29  Factory  
  31  3:32  Missile Turret, Refinery  
  31  3:44  Marine x3  
  31  3:45  Marine  
  35  4:02  Marine  
  36  4:04  SCV  
  36  4:05  Factory  
  37  4:16  SCV  
  30  4:43  Factory Tech Lab  
  30  4:49  Starport  
  30  4:50  Widow Mine  
  30  4:52  Starport  
  32  4:56  Refinery  
  32  4:57  Orbital Command  
  32  4:59  Refinery  
  32  5:00  Marine x2  
  32  5:01  Marine  
  35  5:17  Siege Tank  
  38  5:27  Supply Depot  
  38  5:31  Factory Reactor  
  38  5:34  Missile Turret  
  38  5:38  Supply Depot  
  38  5:39  Starport Reactor  
  38  5:49  SCV, Medivac  
  41  5:54  Terran Infantry Weapons Level 1  
  41  6:01  SCV  
  42  6:04  Supply Depot  
  42  6:07  Supply Depot  
  42  6:24  Liberator  
  42  6:26  Liberator  
  42  6:38  Marine x4  
  46  6:45  Medivac  
  47  6:56  Marine x4  
  47  7:00  Siege Tank  
  54  7:02  Widow Mine x2  
  58  7:14  Marine  
  58  7:32  Siege Tank  
  58  7:36  Widow Mine  
  62  7:48  Terran Infantry Armor Level 1  
  62  7:54  Barracks  
  62  7:55  Marine x2  
  62  7:56  Marine  
  65  8:04  Siege Tank  
  68  8:40  Widow Mine  
  68  8:41  Marine x3  
  68  8:44  Viking  
  70  8:57  Orbital Command  
  70  9:57  Supply Depot  
  70  9:59  Supply Depot  
  70  10:08  Viking  
  70  10:18  Widow Mine  
  70  10:19  Marine, Siege Tank, SCV x2  
  70  10:20  Marine x2, Widow Mine  
  70  10:21  Viking  
  84  10:25  Armory  
  84  10:31  SCV  
  84  10:35  Missile Turret, Command Center  
  85  10:36  Marine  
  86  10:44  Missile Turret  
  86  11:03  Orbital Command  
  86  11:12  Barracks Tech Lab  
  86  11:14  Barracks Tech Lab  
  86  11:16  Barracks  
  86  11:18  Barracks Reactor  
  86  11:30  Supply Depot  
  86  11:34  Supply Depot  
  86  11:45  Marine, SCV x2, Widow Mine x2  
  86  11:46  Widow Mine  
  86  11:47  Marine, Marauder  
  98  11:57  SCV x2  
  100  12:03  Marine  
  100  12:04  Marine  
  100  12:08  Marine  
  102  12:10  SCV  
  102  12:11  Combat Shields, Stimpack  
  102  12:13  Barracks Reactor, Supply Depot  
  104  12:17  SCV  
  104  12:18  Missile Turret  
  104  12:21  Marine  
  104  12:22  Marine, Terran Infantry Weapons Level 2, SCV, Refinery  
  107  12:25  Terran Vehicle Weapons Level 1  
  107  12:26  Marine  
  107  12:29  SCV  
  110  12:31  Missile Turret, SCV  
  110  12:34  SCV  
  112  12:39  Marine, Supply Depot  
  112  12:40  Refinery  
  112  12:41  SCV  
  112  12:43  SCV  
  115  12:53  Marine x2  
  115  12:54  Marine, SCV  
  119  13:01  Marine x4  
  119  13:03  Viking  
  125  13:11  Marine x3  
  128  13:19  Marine x3  
  125  14:10  Marine x7  
  125  14:12  Concussive Shells  
  87  14:27  Marine  
  87  14:28  Marine  
  87  14:29  Marine x4  
  87  14:30  Marine, Widow Mine x2  
  82  14:32  Viking  
  77  14:42  Widow Mine  
  79  14:45  Marine x2  
  79  14:47  Marine x5  
  79  14:51  Barracks  
  86  14:57  Starport Tech Lab  
  86  14:59  Widow Mine  
  88  15:03  Marine x2  
  88  15:05  Marine  
  91  15:08  Medivac  
  91  15:30  Medivac  
  93  15:46  Raven  
  93  15:48  SCV  
  96  15:50  Missile Turret  
  96  15:52  Missile Turret  
  96  15:58  Marine x2  
  96  15:59  Marine x5  
  96  16:00  SCV  
  96  16:01  Hellbat x2  
  96  16:02  Hellion  
  110  16:12  SCV  
  110  16:16  Marine x3  
  110  16:17  Marine  
  115  16:23  Hellion x3  
  107  16:41  Liberator  
  107  16:42  Liberator x2  
  110  17:05  Widow Mine  
  110  17:06  Widow Mine x2  
  104  17:24  Liberator  
  104  17:28  Marine x2  
  105  17:42  Medivac x2  
  105  17:43  Marine x2  
  105  17:44  Marine  
  106  17:52  Marine x3  
  106  17:53  Marauder  
  110  18:01  Marine  
  103  18:08  Marine x2  
  103  18:10  Marine x3, Widow Mine  
  103  18:12  Medivac x2  
  96  19:07  Marine x6, Marauder  
Show
View Real Time Build Order
Export as new Build Order

Bartoss Zerg - Winner!

Build Orders: Pool First 

Get SALT Encoding   

  12  0:04  Drone  
  13  0:12  Drone  
  14  0:18  Extractor  
  14  0:19  Drone  
  14  0:38  Spawning Pool  
  14  0:39  Drone  
  14  0:46  Overlord  
  14  1:06  Drone x3  
  17  1:18  Overlord  
  17  1:27  Queen  
  19  1:36  Zergling x2  
  19  1:39  Zergling x2  
  21  1:50  Zergling x2  
  22  2:03  Zergling x2  
  22  2:05  Metabolic Boost  
  23  2:11  Lair  
  23  2:13  Zergling x2  
  24  2:22  Zergling x2  
  25  2:33  Zergling x2  
  26  2:42  Zergling x6  
  29  3:06  Zergling x2  
  29  3:08  Overlord  
  30  3:26  Hatchery  
  29  3:30  Drone x4  
  32  3:58  Drone x3  
  32  3:59  Drone  
  32  4:02  Extractor  
  26  4:33  Drone x3  
  28  4:44  Queen  
  28  4:45  Drone  
  31  4:48  Drone  
  32  4:57  Hatchery  
  31  5:02  Spire  
  30  5:07  Infestation Pit  
  29  5:16  Spore Crawler x2  
  27  5:22  Spore Crawler, Drone  
  27  5:23  Drone x5  
  32  5:28  Spore Crawler  
  31  5:35  Overlord  
  31  5:45  Drone  
  31  5:46  Drone x2  
  34  5:56  Drone x2  
  36  6:01  Drone  
  37  6:09  Hatchery  
  36  6:16  Hive  
  36  6:22  Drone x4  
  36  6:23  Drone  
  41  6:27  Drone  
  41  6:28  Drone x2  
  41  6:31  Drone  
  45  6:42  Drone  
  46  6:54  Corruptor x2  
  46  6:55  Corruptor x2  
  46  6:59  Corruptor  
  56  7:09  Baneling Nest  
  56  7:13  Zergling x2  
  56  7:14  Zergling x4  
  58  7:18  Overlord x3  
  58  7:40  Corruptor  
  58  7:41  Corruptor x3  
  66  7:47  Drone x3  
  69  7:51  Extractor  
  68  8:05  Extractor  
  67  8:08  Extractor, Drone x3  
  69  8:14  Drone  
  69  8:15  Extractor, Drone x2  
  71  8:29  Drone  
  72  8:52  Centrifical Hooks  
  72  8:54  Corruptor  
  72  8:55  Corruptor x4  
  82  9:17  Drone x2  
  82  9:18  Drone  
  82  9:19  Drone x3  
  88  9:25  Overlord  
  88  9:26  Overlord x4  
  88  9:32  Hatchery  
  88  9:36  Baneling  
  88  9:37  Baneling x5  
  87  9:50  Hatchery  
  86  10:12  Greater Spire  
  86  10:17  Spire  
  85  10:22  Corruptor  
  85  10:23  Corruptor x8  
  85  10:25  Corruptor  
  105  10:59  Zergling x14  
  105  11:00  Zergling x6  
  105  11:03  Zergling x2  
  117  11:04  Zergling x2  
  117  11:09  Zergling x2  
  118  11:18  Hatchery  
  118  11:25  Brood Lord x6  
  127  11:30  Brood Lord  
  130  11:46  Corruptor x2  
  134  12:11  Baneling x5  
  134  12:12  Baneling x14  
  134  12:13  Baneling  
  134  12:15  Baneling  
  134  12:17  Overlord  
  134  12:18  Overlord x15  
  134  12:19  Overlord x4  
  134  12:36  Corruptor  
  134  12:37  Corruptor x2  
  140  12:53  Baneling x3  
  140  13:10  Drone x3  
  143  13:14  Extractor  
  143  13:16  Extractor, Corruptor x6  
  153  13:23  Corruptor  
  98  15:29  Zerg Flyer Weapons Level 1  
  98  15:30  Zerg Flyer Armor Level 1  
  64  15:46  Drone x3  
  63  15:52  Corruptor  
  63  15:53  Corruptor x16  
  63  15:55  Corruptor  
  97  16:13  Zergling x6  
  100  16:21  Zergling x6  
  100  16:22  Zergling x14  
  110  16:27  Zergling x2  
  110  16:28  Zergling x28  
  125  16:33  Baneling x2  
  125  16:34  Baneling x4  
  106  17:14  Corruptor x9  
  113  17:47  Zergling x14  
  113  17:48  Zergling x18  
  129  18:28  Baneling x7  
  129  18:29  Baneling x25  
  129  18:36  Zergling x2  
  129  18:37  Zergling x22  
  131  19:00  Baneling  
  131  19:01  Baneling x22  
  131  19:02  Baneling  
Tags
 
Add a new tag
Caveats
  • Supply blocks, unpowered buildings, or Contaminate may cause inaccurate times.
  • Supply counts are checked every 10 seconds.